 Dungeon Crawl Stone Soup version 0.30-a0-528-g8c47a4955b (webtiles) character file.

Game seed: 13020699873158063128

91 Crownlay the Shooter (level 4, -5/33 HPs)
             Began as a Human Hunter on Dec 23, 2022.
             Slain by a gnoll
             ... wielding a +0 flail
              (8 damage)
             ... on level 4 of the Dungeon.
             The game lasted 00:03:26 (1740 turns).

Crownlay the Shooter (Human Hunter)                 Turns: 1740, Time: 00:03:26

Health: -5/33      AC:  9    Str: 11    XL:     4   Next: 87%
Magic:  4/4        EV: 11    Int: 10    God:
Gold:   82         SH:  0    Dex: 18    Spells: 3/3 levels left

rFire   . . .      SeeInvis .    a - +0 shortbow
rCold   . . .      Faith    .    (shield currently unavailable)
rNeg    . . .      Spirit   .    n - +4 ring mail
rPois   .          Reflect  .    (no helmet)
rElec   .          Harm     .    l - scarf {+Inv}
rCorr   .          Rampage  .    (no gloves)
Will    .....                    (no boots)
Stlth   +                        (no amulet)
HPRegen 0.25/turn                (no ring)
MPRegen 0.09/turn                (no ring)

@: no status effects
A: no striking features
a: Evoke Invisibility


You were on level 4 of the Dungeon.
You visited 1 branch of the dungeon, and saw 4 of its levels.

You collected 126 gold pieces.
You spent 44 gold pieces at shops.

Inventory:

Hand Weapons
 a - a +0 shortbow (weapon)
Missiles
 e - 2 silver javelins
Armour
 l - a scarf of invisibility (worn)
 n - a +4 ring mail (worn)
Scrolls
 b - 4 scrolls of immolation
 g - 3 scrolls of teleportation
 h - 2 scrolls of enchant weapon {unknown}
 j - 3 scrolls of brand weapon
 k - 2 scrolls of magic mapping
 m - 2 scrolls of noise {unknown}
 o - a scroll of amnesia {unknown}
Potions
 c - a potion of degeneration {unknown}
 d - a potion of brilliance {unknown}
 f - a potion of berserk rage {unknown}
 i - a potion of curing


   Skills:
 - Level 2.0 Fighting
 * Level 5.4 Ranged Weapons
 + Level 1.9 Throwing
 - Level 2.0 Dodging
 - Level 1.0 Stealth


You had 3 spell levels left.
You didn't know any spells.
Your spell library contained the following spells:

 Spells                   Type           Power      Damage    Failure   Level
 Magic Dart               Conj           0%         1d3       67%         1
 Blink                    Tloc           0%         N/A       80%         2
 Momentum Strike          Conj/Tloc      0%         3d8       80%         2
 Searing Ray              Conj           0%         2d4       80%         2
 Kindle Blastsparks       Fire/Tloc/Air  0%         2d10      95%         3
 Lesser Beckoning         Tloc           0%         N/A       95%         3
 Fulminant Prism          Conj/Hex       0%         3d5       100%        4
 Sticky Flame             Conj/Fire      0%         2d3       100%        4
 Fireball                 Conj/Fire      0%         3d3       100%        5


Dungeon Overview and Level Annotations

Branches:
Dungeon (4/15)
 Temple: D:4-7

Altars:

Shops:
D:2 ?

Annotations:
D:3 2 transporters, Chingon's ghost, weakling DsMo


Message History

You shoot an arrow. The arrow hits the gnoll.
The gnoll is heavily wounded.
The gnoll hits you with a +0 flail.
* * * LOW HITPOINT WARNING * * *
The gnoll closely misses you. The gnoll attacks as you move away!
The gnoll hits you with a +0 flail.
* * * LOW HITPOINT WARNING * * *
Okay, then.
You feel better. The gnoll closely misses you.
The gnoll attacks as you move away! The gnoll hits you but does no damage.
The gnoll attacks as you move away! The gnoll hits you but does no damage.
The gnoll attacks as you move away! The gnoll closely misses you.
The gnoll attacks as you move away! The gnoll completely misses you.
The gnoll attacks as you move away! The gnoll barely misses you.
There is a stone staircase leading down here.
You can't go up here!
The gnoll hits you with a +0 flail.
* * * LOW HITPOINT WARNING * * *
You climb downwards.
The hobgoblin shouts!
You hear a shout!
There is a stone staircase leading up here.
Fire: a) +0 shortbow
Press: ? - help, Shift-Dir - straight line, f - gnoll
Aim: a gnoll, wielding a +0 flail (heavily wounded, 68% to hit)
You shoot an arrow. The arrow barely misses the gnoll.
The gnoll hits you with a +0 flail.
* * * LOW HITPOINT WARNING * * *
Fire: a) +0 shortbow
Press: ? - help, Shift-Dir - straight line, f/p - gnoll
Aim: a gnoll, wielding a +0 flail (heavily wounded, 68% to hit)
You shoot an arrow. The arrow completely misses the gnoll.
The gnoll misses you. The gnoll hits you with a +0 flail.
* * * LOW HITPOINT WARNING * * *
Fire: a) +0 shortbow
Press: ? - help, Shift-Dir - straight line, f/p - gnoll
Aim: a gnoll, wielding a +0 flail (heavily wounded, 68% to hit)
You shoot an arrow. The arrow barely misses the gnoll.
A goblin comes into view. It is wielding a +0 dagger.
The gnoll hits you with a +0 flail!
You die...

....#.#.#
......#.#
.........
....... .
gg...###
...
#.....#..#
#........#.
#..@g......
#.#####....
# #


You could see a gnoll, a hobgoblin and a goblin.

Vanquished Creatures
  Robin (D:3)
  2 adders
  A worm (D:2)
  A dart slug (D:2)
  An orc (D:3)
  7 bats
  2 endoplasms (D:3)
  13 hobgoblins
  2 jackals (D:1)
  4 quokkas
  4 ball pythons
  3 frilled lizards
  4 goblins (D:3)
  4 kobolds
  3 rats
52 creatures vanquished.

Notes
Turn   | Place    | Note
-------+----------+-------------------------------------------
     0 | D:1      | Crownlay the Human Hunter began the quest for the Orb.
     0 | D:1      | Reached XP level 1. HP: 16/16 MP: 1/1
    80 | D:1      | Reached XP level 2. HP: 22/22 MP: 2/2
   573 | D:2      | Reached skill level 1 in Throwing
   573 | D:2      | Reached XP level 3. HP: 27/27 MP: 3/3
   765 | D:2      | Got the Writings on Conflagration
   803 | D:2      | Found Ochesukh's Magic Scroll Shoppe.
   833 | D:2      | Bought a scroll of identify for 22 gold pieces
   833 | D:2      | Bought a scroll of identify for 22 gold pieces
  1058 | D:2      | Reached skill level 5 in Ranged Weapons
  1343 | D:3      | Found a transporter.
  1349 | D:3      | Found a transporter.
  1349 | D:3      | Noticed Chingon's ghost (weakling DsMo)
  1374 | D:3      | Reached XP level 4. HP: 33/33 MP: 4/4
  1383 | D:3      | Noticed Robin
  1412 | D:3      | Killed Robin
  1740 | D:4      | Slain by a gnoll

Illustrated notes

Levels and vault maps discovered:
D:1:      wander_arrival_lonely_grave, layout_basic, hangedman_decor_points,
          minmay_pentomino_q2
D:2:      minmay_evil_eye, layout_basic, serial_shops, shop_scrolls
D:3:      layout_loops_ring, elyvilon_altar_4, gammafunk_ghost_arena,
          ebering_ecumenical_altar_mist, hangedman_decor_opposing,
          uniq_crazy_yiuf_cottage, uniq_robin
D:4:      gammafunk_wand_slinger, layout_basic, nicolae_ashenzari_skybound,
          mainiacjoe_overflow_tiny_flanked

Skill      XL: |  1  2  3 |
---------------+----------+-----
Throwing       | 1 |  1.9
Ranged Weapons | 5 |  5.4
Fighting       | |  2.0
Dodging        | |  2.0
Stealth        | |  1.0

Action                   |  1- 3 |  4- 6 || total
-------------------------+-------+-------++-------
 Fire: Shortbow          |    88 |    49 ||   137
  Use: Scroll            |     3 |       ||     3
       Potion            |       |     1 ||     1
Armor: Leather armour    |     6 |       ||     6
       Ring mail         |     9 |    15 ||    24
Dodge: Dodged            |    10 |    31 ||    41

Table legend: (Time is in decaauts)
 A = Elapsed time spent in this place.
 B = Non-inter-level travel time spent in this place.
 C = Inter-level travel time spent in this place.
 D = Time resting spent in this place.
 E = Time spent auto-exploring this place.
 F = Levels seen in this place.
 G = Mean time per level.
                   A        B        C        D        E       F      G
               +--------+--------+--------+--------+--------+-----+--------+
         Total |   1788 |   1722 |     66 |      0 |   1385 |   4 |  447.0 |
       Dungeon |   1788 |   1722 |     66 |      0 |   1385 |   4 |  447.0 |
               +--------+--------+--------+--------+--------+-----+--------+

Top non-repeatable levels by time:
     D:2: 818 daAuts
     D:1: 537 daAuts
     D:3: 428 daAuts
     D:4: 3 daAuts
